 Dungeon Crawl Stone Soup version 0.31-a0-145-g046c7d2549 (webtiles) character file.

Game seed: 5495833048619059333

7995 qw the Skirmisher (level 11, 0/99 HPs)
             Began as a Minotaur Hunter on June 7, 2023.
             Was a Priest of Okawaru.
             Slain by a yak (2 damage)
             ... while petrified by a basilisk
             ... on level 1 of the Lair of Beasts.
             The game lasted 00:02:52 (7362 turns).

qw the Skirmisher (Minotaur Hunter)                 Turns: 7362, Time: 00:02:53

Health: 0/99       AC: 10    Str: 16    XL:     11   Next: 4%
Magic:  11/13      EV:  2    Int:  6    God:    Okawaru [***...]
Gold:   1228       SH:  0    Dex: 18    Spells: 10/10 levels left

rFire   + . .        Y - +0 orcbow
rCold   + . .        (shield currently unavailable)
rNeg    + + +        i - +2 robe {rC+ rF+}
rPois   inf          (helmet restricted)
rElec   .            e - +0 cloak
rCorr   .            (no gloves)
SInv    .            (no boots)
Will    .....        d - amulet of reflection
Stlth   +++          n - +4 ring of slaying {mikee}
HPRegen 0.36/turn    f - +4 ring of protection
MPRegen 0.13/turn

%: reflection
@: petrified, heroic
A: horns 2, retaliatory headbutt
a: Renounce Religion, Heroism


You were on level 1 of the Lair of Beasts.
You worshipped Okawaru.
Okawaru was most pleased with you.
You visited 3 branches of the dungeon, and saw 12 of its levels.

You collected 1228 gold pieces.


Innate Abilities, Weirdness & Mutations

You have a pair of horns on your head.
You reflexively headbutt those who attack you in melee.


   Skills:
 - Level 10.0(15.0) Fighting
 + Level 14.4(19.4) Ranged Weapons
 - Level 3.0(8.0) Armour
 - Level 7.1(12.1) Dodging
 - Level 0.7(5.7) Stealth
 - Level 4.0 Invocations


You had 10 spell levels left.
You didn't know any spells.
Your spell library was empty.

Inventory:

Hand Weapons
 Y - a +0 orcbow (weapon)
Armour
 e - a +0 cloak (worn)
 i - a +2 robe of resistance (worn)
Jewellery
 d - an amulet of reflection (around neck)
 f - a +4 ring of protection (right hand)
 n - a +4 ring of slaying (left hand) {mikee}
Scrolls
 a - 3 scrolls of identify
Potions
 b - a potion of might
 c - 4 potions of curing
 g - a potion of resistance
 m - a potion of mutation

Dungeon Overview and Level Annotations

Branches:
Dungeon (10/15)            Temple (1/1) D:5            Lair (1/5) D:10
    Orc: D:9-12

Altars:
Ashenzari
Cheibriados
Dithmenos
Elyvilon
Fedhas
Gozag
Hepliaklqana
Kikubaaqudgha
Makhleb
Nemelex Xobeh
Okawaru
Qazlal
Ru
Trog
Uskayaw
Vehumet
Wu Jian
Xom
Yredelemnul
Zin

Shops:
D:10 :


Message History

The yak is almost dead.
The ice encasing you melts away. The rime drake completely misses you.
The yak closely misses you. x2
The basilisk gazes at you. You resist with some effort.
You shoot an arrow. The arrow hits the yak.
You kill the yak!
Okawaru accepts your kill. You block the rime drake's attack.
You have reached level 11!
You shoot an arrow. The arrow hits the rime drake!!
You kill the rime drake!
Okawaru accepts your kill.
A yak comes into view. x2
You block the yak's attack. The yak closely misses you.
The basilisk gazes at you.
You are slowing down.
The yak gores you!
You shoot an arrow. The arrow closely misses the yak. x2
The arrow completely misses the yak.
The yak bellows! x2
The yak gores you but does no damage. The yak closely misses you.
The yak gores you! The basilisk gazes at you. You resist with some effort.
Your limbs are stiffening.
You shoot an arrow. The arrow hits the yak.
The yak is moderately wounded.
The basilisk bites you.
A yak comes into view.
The yak gores you! The yak misses you. The yak gores you!
You shoot an arrow. The arrow closely misses the yak.
The yak bellows!
The arrow hits the yak.
The yak is lightly wounded.
The yak gores you! The yak gores you. The yak gores you! The yak misses you.
You block the yak's attack. The basilisk gazes at you.
You resist with some effort.
You have turned to stone.
The yak gores you.
You die...

#.......#.# #.......#
#........######.......#
#..........#.#...Y....#
##......[.............%.
#....##.................
#....####..%.Y.....%%...
##...# ###..Y...(......
#...# #P##YYYY......
##...# ######@Y.....#
#P...# #.Yl.....P #...<#
#......... ##...#
#......... #....#
#......... ##...#
#......... #...#
#......... #...#
#......... #...#


You could see 9 yaks and a basilisk.

Vanquished Creatures
  Erica (D:9)
  Maurice (D:9)
  A black mamba (Lair:1)
  A rime drake (Lair:1)
  A komodo dragon (Lair:1)
  A troll (D:10)
  Sigmund (D:3)
  2 wyverns (D:10)
  12 yaks
  2 basilisks (D:10)
  A steam dragon (D:7)
  Eustachio (D:5)
  Menkaure (D:5)
  9 water moccasins
  A black bear (Lair:1)
  An ice beast (D:6)
  An ogre (D:5)
  2 centaurs
  A kobold brigand (D:7)
  4 bullfrogs
  Blork the orc (D:5)
  3 scorpions
  8 wights
  A vampire bat (D:3)
  6 hounds
  An orc priest (D:7)
  4 jellies
  Jessica (D:3)
  4 iguanas
  7 orc wizards
  5 adders
  A shadow imp (D:7)
  2 white imps (D:5)
  An ufetubus (D:5)
  2 dart slugs
  24 orcs
  5 ball pythons
  16 bats
  6 endoplasms
  3 giant cockroaches
  14 goblins
  8 hobgoblins
  7 jackals (D:2)
  12 kobolds
  5 quokkas
  8 frilled lizards
  5 rats
205 creatures vanquished.

Notes
Turn   | Place    | Note
-------+----------+-------------------------------------------
     0 | D:1      | qw the Minotaur Hunter began the quest for the Orb.
     0 | D:1      | Reached XP level 1. HP: 18/18 MP: 0/0
     0 | D:1      | 0 ||| qw: Version: 0.2-a-117-gc6b5c8b
     0 | D:1      | 0 ||| qw: Game counter: 2527
     0 | D:1      | 0 ||| qw: Always use a shield: true
     0 | D:1      | 0 ||| qw: God list: Okawaru
     0 | D:1      | 0 ||| qw: Allow faded altars: false
     0 | D:1      | 0 ||| qw: Do Orc after D:15 true
     0 | D:1      | 0 ||| qw: Do second Lair branch before Depths: true
     0 | D:1      | 0 ||| qw: Lair rune preference: random
     0 | D:1      | 0 ||| qw: Plans: Normal
     0 | D:1      | 0 ||| PLANNING D:1-11
   101 | D:1      | Reached XP level 2. HP: 7/25 MP: 1/1
   159 | D:1      | 159 ||| FLEEEEING.
   209 | D:1      | Reached skill level 5 in Ranged Weapons
   412 | D:1      | Reached skill level 3 in Fighting
   532 | D:1      | 532 ||| Stepping ~*~*~tactically~*~*~ (outnumbered).
   543 | D:1      | Reached XP level 3. HP: 25/31 MP: 2/2
   642 | D:1      | Found a faded altar of an unknown god.
   803 | D:1      | 803 ||| UPGRADING to +0 cloak.
   808 | D:1      | 808 ||| UPGRADING to +0 ring mail.
   818 | D:1      | 818 ||| DROPPING +0 leather armour.
   819 | D:1      | 819 ||| READING scroll labelled SOT PAG ATUROA.
   820 | D:1      | 820 ||| READING scroll labelled SYREGGUROF.
   821 | D:1      | 821 ||| READING 3 scrolls labelled VOREOCWOIH.
   824 | D:1      | 824 ||| READING scroll labelled MEIMIJ TAYPAR.
   825 | D:1      | 825 ||| READING scroll labelled TOLIPS YH AMUA.
   826 | D:1      | 826 ||| DROPPING scroll of butterflies.
   896 | D:2      | Reached skill level 1 in Armour
  1130 | D:2      | Reached XP level 4. HP: 38/38 MP: 3/3
  1341 | D:2      | Identified the ring "Yttix" {*Corrode MP+9 Str+6 Stlth+}
  1702 | D:2      | 1702 ||| DROPPING ring "Yttix" {*Corrode MP+9 Str+6
                  | Stlth+}.
  1703 | D:2      | 1703 ||| READING 2 scrolls labelled GUSAES VUWICHU.
  1704 | D:2      | 1704 ||| READING scroll of enchant weapon.
  1704 | D:2      | 1704 ||| ENCHANTING +1 shortbow.
  1705 | D:2      | 1705 ||| READING scroll labelled ZAXIPI VAONKUMI.
  1706 | D:2      | 1706 ||| READING 2 scrolls of identify.
  1706 | D:2      | 1706 ||| IDENTIFYING red potion
  1747 | D:3      | Reached skill level 6 in Ranged Weapons
  2167 | D:3      | Noticed Sigmund
  2177 | D:3      | Killed Sigmund
  2178 | D:3      | Reached XP level 5. HP: 42/50 MP: 4/4
  2320 | D:3      | Reached XP level 6. HP: 56/57 MP: 5/5
  2332 | D:3      | 2332 ||| FLEEEEING.
  2401 | D:3      | Noticed Jessica
  2402 | D:3      | Killed Jessica
  2506 | D:3      | Found a burning altar of Makhleb.
  2506 | D:3      | Found a broken altar of Ashenzari.
  2828 | D:3      | 2828 ||| UPGRADING to ring of resist corrosion.
  2829 | D:3      | 2829 ||| READING scroll labelled ZUNEAV JUYC.
  2973 | D:4      | 2973 ||| STAIRDANCE
  3122 | D:4      | 3122 ||| UPGRADING to +4 ring of protection.
  3123 | D:4      | 3123 ||| UPGRADING to +4 ring of slaying {mikee}.
  3125 | D:4      | 3125 ||| DROPPING ring of resist corrosion.
  3126 | D:4      | 3126 ||| READING scroll labelled KEACSI XALAPE.
  3127 | D:4      | 3127 ||| READING 3 scrolls of identify.
  3127 | D:4      | 3127 ||| IDENTIFYING bubbling pink potion
  3128 | D:4      | 3128 ||| READING 2 scrolls of identify.
  3128 | D:4      | 3128 ||| IDENTIFYING emerald potion
  3129 | D:4      | 3129 ||| DROPPING potion of lignification.
  3130 | D:4      | 3130 ||| DROPPING potion of enlightenment.
  3138 | D:4      | 3138 ||| STAIRDANCE
  3139 | D:3      | Found a bloodstained altar of Trog.
  3590 | D:4      | 3590 ||| READING scroll labelled QEOCSO PETE.
  3591 | D:4      | 3591 ||| READING scroll labelled LICZOADESH.
  3591 | D:4      | Identified a scroll of acquirement
  3591 | D:4      | 3591 ||| ACQUIRING 983 gold pieces
  3591 | D:4      | Acquired 983 gold pieces
  3593 | D:4      | 3593 ||| DRINKING 2 yellow potions.
  3594 | D:4      | 3594 ||| READING 4 scrolls of identify.
  3594 | D:4      | 3594 ||| IDENTIFYING grey potion
  3595 | D:4      | 3595 ||| READING 3 scrolls of identify.
  3595 | D:4      | 3595 ||| IDENTIFYING silvery potion
  3596 | D:4      | 3596 ||| READING 2 scrolls of identify.
  3596 | D:4      | 3596 ||| IDENTIFYING glowing golden potion
  3597 | D:4      | 3597 ||| DROPPING potion of brilliance.
  3598 | D:4      | 3598 ||| DROPPING potion of magic.
  3599 | D:4      | 3599 ||| DROPPING potion of berserk rage.
  3625 | D:5      | Entered Level 5 of the Dungeon
  3626 | D:5      | 3626 ||| PLANNING OSSUARY
  3645 | D:5      | Reached skill level 7 in Ranged Weapons
  3839 | D:5      | Noticed a water moccasin
  3843 | D:5      | Killed a water moccasin
  3844 | D:5      | Reached skill level 8 in Ranged Weapons
  3844 | D:5      | Reached XP level 7. HP: 50/62 MP: 6/6
  3932 | D:5      | Reached skill level 3 in Dodging
  3993 | D:5      | Noticed Blork the orc
  3994 | D:5      | Noticed Eustachio
  4002 | D:5      | HP: 14/62 [crimson imp[Eustachio] (2)]
  4003 | D:5      | 4003 ||| READING 2 scrolls of teleportation.
  4007 | D:5      | 4007 ||| READING scroll of teleportation.
  4008 | D:5      | HP: 5/62 [ogre/+0 giant spiked club (9)]
  4160 | D:5      | Killed Blork the orc
  4265 | D:5      | Reached skill level 9 in Ranged Weapons
  4275 | D:5      | Reached skill level 6 in Fighting
  4275 | D:5      | 4275 ||| RIP OSSUARY
  4276 | D:5      | 4276 ||| PLANNING D:1-11
  4312 | D:5      | 4312 ||| READING scroll of brand weapon.
  4312 | D:5      | 4312 ||| BRANDING +2 heavy shortbow.
  4412 | D:5      | Noticed Menkaure
  4421 | D:5      | Killed Menkaure
  4422 | D:5      | Reached XP level 8. HP: 70/70 MP: 7/7
  4425 | D:5      | Found a staircase to the Ecumenical Temple.
  4426 | D:5      | 4426 ||| PLANNING TEMPLE
  4436 | Temple   | Entered the Ecumenical Temple
  4465 | Temple   | 4465 ||| PLANNING OKAWARU WORSHIP
  4564 | Temple   | Became a worshipper of Warmaster Okawaru
  4564 | Temple   | 4564 ||| PLANNING D:1-11
  4787 | D:5      | Killed Eustachio
  4788 | D:5      | Reached skill level 10 in Ranged Weapons
  5263 | D:6      | Found an opulent altar of Gozag.
  5293 | D:6      | Reached * piety under Okawaru
  5451 | D:6      | 5451 ||| UPGRADING to amulet of reflection.
  5456 | D:6      | 5456 ||| READING scroll labelled KELAFA XYONEALL.
  5461 | D:7      | 5461 ||| INVOKING Heroism.
  5483 | D:7      | 5483 ||| STAIRDANCE
  5554 | D:7      | Reached skill level 11 in Ranged Weapons
  5572 | D:7      | Reached skill level 1 in Invocations
  5605 | D:7      | 5605 ||| SWAPPING to +0 orcbow.
  5615 | D:7      | 5615 ||| DROPPING +2 shortbow of draining.
  5707 | D:7      | 5707 ||| INVOKING Heroism.
  5714 | D:7      | 5714 ||| Stepping ~*~*~tactically~*~*~ (cloud).
  5720 | D:7      | Reached XP level 9. HP: 71/79 MP: 7/9
  5821 | D:7      | 5821 ||| Stepping ~*~*~tactically~*~*~ (outnumbered).
  5822 | D:7      | 5822 ||| Stepping ~*~*~tactically~*~*~ (outnumbered).
  5913 | D:7      | Found a white marble altar of Elyvilon.
  5913 | D:7      | Found an ancient bone altar of Kikubaaqudgha.
  5977 | D:7      | Reached skill level 3 in Armour
  5999 | D:7      | 5999 ||| FLEEEEING.
  6000 | D:7      | 6000 ||| FLEEEEING.
  6001 | D:7      | 6001 ||| FLEEEEING.
  6002 | D:7      | 6002 ||| FLEEEEING.
  6003 | D:7      | 6003 ||| FLEEEEING.
  6004 | D:7      | 6004 ||| FLEEEEING.
  6005 | D:7      | 6005 ||| FLEEEEING.
  6006 | D:7      | 6006 ||| FLEEEEING.
  6007 | D:7      | 6007 ||| FLEEEEING.
  6008 | D:7      | 6008 ||| FLEEEEING.
  6009 | D:7      | 6009 ||| FLEEEEING.
  6010 | D:7      | 6010 ||| FLEEEEING.
  6011 | D:7      | 6011 ||| FLEEEEING.
  6012 | D:7      | 6012 ||| FLEEEEING.
  6013 | D:7      | 6013 ||| FLEEEEING.
  6014 | D:7      | 6014 ||| FLEEEEING.
  6015 | D:7      | 6015 ||| FLEEEEING.
  6016 | D:7      | 6016 ||| FLEEEEING.
  6017 | D:7      | 6017 ||| FLEEEEING.
  6018 | D:7      | 6018 ||| FLEEEEING.
  6019 | D:7      | 6019 ||| FLEEEEING.
  6020 | D:7      | 6020 ||| FLEEEEING.
  6021 | D:7      | 6021 ||| FLEEEEING.
  6022 | D:7      | 6022 ||| FLEEEEING.
  6023 | D:7      | 6023 ||| FLEEEEING.
  6093 | D:7      | You fall into a shaft and drop 3 floors!
  6093 | D:10     | Entered Level 10 of the Dungeon
  6107 | D:10     | Found Xerupruh's Tiny Tomes.
  6180 | D:10     | Reached skill level 3 in Invocations
  6197 | D:10     | Noticed a troll
  6198 | D:10     | 6198 ||| INVOKING Heroism.
  6216 | D:10     | Reached skill level 12 in Ranged Weapons
  6218 | D:10     | 6218 ||| INVOKING Heroism.
  6223 | D:10     | Killed a troll
  6231 | D:10     | Reached ** piety under Okawaru
  6246 | D:10     | 6246 ||| INVOKING Heroism.
  6248 | D:10     | Reached XP level 10. HP: 48/89 MP: 8/12
  6368 | D:10     | Found a staircase to the Lair.
  6428 | D:10     | 6428 ||| UPGRADING to +2 robe of resistance.
  6438 | D:10     | 6438 ||| DROPPING +0 ring mail.
  6439 | D:10     | 6439 ||| READING scroll labelled MIT XA QEBBAU.
  6440 | D:10     | 6440 ||| READING 5 scrolls of identify.
  6440 | D:10     | 6440 ||| IDENTIFYING sedimented green potion
  6442 | D:10     | 6442 ||| Stepping ~*~*~tactically~*~*~ (cloud).
  6505 | D:9      | Noticed Maurice
  6509 | D:9      | Noticed Erica
  6510 | D:9      | 6510 ||| INVOKING Heroism.
  6521 | D:9      | Killed Maurice
  6522 | D:9      | Reached skill level 6 in Dodging
  6528 | D:9      | Killed Erica
  6528 | D:9      | Reached *** piety under Okawaru
  6529 | D:9      | Reached skill level 13 in Ranged Weapons
  6880 | D:7      | 6880 ||| PLANNING LAIR
  6880 | D:7      | 6880 ||| DROPPING amulet of guardian spirit.
  6881 | D:7      | 6881 ||| READING 4 scrolls of identify.
  6881 | D:7      | 6881 ||| IDENTIFYING sapphire potion
  6919 | D:8      | 6919 ||| STAIRDANCE
  6923 | D:7      | 6923 ||| INVOKING Heroism.
  6928 | D:7      | Reached skill level 9 in Fighting
  7058 | D:8      | 7058 ||| STAIRDANCE
  7063 | D:7      | 7063 ||| INVOKING Heroism.
  7071 | D:7      | Reached skill level 14 in Ranged Weapons
  7188 | D:8      | 7188 ||| STAIRDANCE
  7234 | D:9      | 7234 ||| Stepping ~*~*~tactically~*~*~ (outnumbered).
  7265 | Lair:1   | Entered Level 1 of the Lair of Beasts
  7279 | Lair:1   | 7279 ||| INVOKING Heroism.
  7325 | Lair:1   | Noticed a black mamba
  7326 | Lair:1   | 7326 ||| INVOKING Heroism.
  7328 | Lair:1   | Killed a black mamba
  7349 | Lair:1   | 7349 ||| INVOKING Heroism.
  7358 | Lair:1   | Reached XP level 11. HP: 32/99 MP: 10/13
  7360 | Lair:1   | HP: 20/99 [yak (5)]
  7361 | Lair:1   | HP: 8/99 [yak (2)]
  7361 | Lair:1   | HP: 2/99 [yak (6)]
  7362 | Lair:1   | Slain by a yak

Levels and vault maps discovered:
D:1:      lemuel_arrival_rhombus, layout_loops_ring,
          hellmonk_ecumenical_altar_prayer_group, chequers_serial_rivers_room_a
D:2:      layout_basic, st_stairs_13, corner_web_ring, dk_noncrumbling_2
D:3:      layout_basic, nicolae_overflow_hidden_temple, roderic_batcave,
          st_stairs_5, minmay_surrounded, uniq_sigmund, uniq_jessica
D:4:      layout_cave_pods, kennysheep_generic_room_12
D:5:      nicolae_cairo_tiling, layout_layer_cave, temple_pool_b,
          enter_ossuary_5, minmay_misc_feat_rugged, uniq_menkaure,
          uniq_eustachio, uniq_blork_the_orc
D:6:      layout_basic, mainiacjoe_overflow_paths, nicolae_titane
D:7:      layout_basic, gammafunk_temple_overflow_pools
D:8:      layout_rooms, mainiacjoe_overflow_tiny_flanked, minmay_between
D:9:      layout_basic, lemuel_doored_altar, minmay_increasing_density,
          uniq_maurice, uniq_erica
D:10:     layout_loops_ring, minmay_lair_entry_grove, serial_aquarium,
          aquarium_bridge_long_separate [aquarium_subvault_bridge,
          aquarium_subvault_bridge, aquarium_subvault_balcony,
          aquarium_subvault_bridge, aquarium_subvault_balcony,
          aquarium_subvault_bridge], aquarium_window_1,
          aquarium_window_corridor_3, aquarium_window_1, aquarium_view_2c,
          aquarium_view_2c, aquarium_pool_split, minivault_11,
          hangedman_feature_mirror, nicolae_shop_i_like_small_books_too
Temple:   nicolae_temple_two_arcs
Lair:1:   layout_hall_layers, st_stairs_8, beast_lair_carwin_10,
          lemuel_fruit_tree

Skill      XL: |  1  2  3  4  5  6  7  8  9 10 |
---------------+-------------------------------+-----
Ranged Weapons | 5 6 8 9 11 12 14 | 14.4
Fighting       | 3 5 6 7 8 10 | 10.0
Armour         | 1 2 3 |  3.0
Dodging        | 3 4 5 7 |  7.1
Invocations    | 1 4 |  4.0
Stealth        | |  0.7

Action                     |  1- 3 |  4- 6 |  7- 9 | 10-12 || total
---------------------------+-------+-------+-------+-------++-------
   Fire: Shortbow          |   114 |   138 |   124 |       ||   376
         Orcbow            |       |       |   112 |   138 ||   250
 Invoke: Heroism           |       |       |     5 |     6 ||    11
    Use: Scroll            |     5 |    13 |     4 |     3 ||    25
         Potion            |       |     1 |       |       ||     1
 Armour: Leather armour    |    10 |       |       |       ||    10
         Ring mail         |     2 |    33 |    35 |       ||    70
         Robe              |       |       |       |    14 ||    14
  Dodge: Dodged            |    46 |    40 |    78 |    59 ||   223
  Block: Other             |       |       |    15 |    20 ||    35
         Reflection        |       |       |     1 |     1 ||     2

Table legend:
 A = Non-vault XP
 B = Vault XP
 C = Vault XP percentage of total XP
 D = Non-vault monster count
 E = Vault monster count
 F = Vault count percentage of total count
                 A         B        C        D         E       F
            +---------+---------+-------+---------+---------+-------
      Total |    6798 |    4624 |  40.5 |     167 |      38 |  18.5
            +---------+---------+-------+---------+---------+-------
        D:1 |      43 |       6 |  12.2 |      24 |       3 |  11.1
        D:2 |      67 |       3 |   4.3 |      26 |       2 |   7.1
        D:3 |      25 |     343 |  93.2 |      16 |      14 |  46.7
        D:4 |      59 |       0 |   0.0 |       7 |       0 |   0.0
        D:5 |     824 |     447 |  35.2 |      24 |       3 |  11.1
        D:6 |     499 |       0 |   0.0 |       8 |       0 |   0.0
        D:7 |    1874 |       0 |   0.0 |      30 |       0 |   0.0
        D:8 |     359 |       0 |   0.0 |      12 |       0 |   0.0
        D:9 |     494 |    1291 |  72.3 |       6 |       2 |  25.0
       D:10 |     292 |    2401 |  89.2 |       4 |      13 |  76.5
     Lair:1 |    2262 |     133 |   5.6 |      10 |       1 |   9.1
            +---------+---------+-------+---------+---------+-------
